 Dungeon Crawl Stone Soup version 0.28-a0-1213-g0243856f03 (webtiles) character file.

Game seed: 2988942011417610524

49 swappor the Chopper (level 3, 0/31 HPs)
             Began as a Minotaur Berserker on Dec 22, 2021.
             Was a Believer of Trog.
             Slain by a goblin (5 damage)
             ... led by Robin
             ... on level 2 of the Dungeon.
             The game lasted 00:04:09 (808 turns).

swappor the Chopper (Minotaur Berserker)             Turns: 808, Time: 00:04:10

Health: 0/31       AC:  5    Str: 23    XL:     3   Next: 51%
Magic:  2/2        EV: 11    Int:  4    God:    Trog [**....]
Gold:   21         SH:  0    Dex:  9    Spells: 2/2 levels left

rFire   . . .      SeeInvis .   a - +0 hand axe
rCold   + . .      Faith    .   (no shield)
rNeg    . . .      Spirit   .   c - +0 ring mail
rPois   .          Reflect  .   (helmet restricted)
rElec   .          Harm     .   (no cloak)
rCorr   .          Rampage  .   (no gloves)
Will    .....                   (no boots)
Stlth   ..........              (no amulet)
HPRegen 0.10/turn               C - ring of protection from cold
MPRegen 0.08/turn               (no ring)

@: lethally poisoned (0 -> -9)
A: horns 2, retaliatory headbutt
a: Renounce Religion, Berserk, Trog's Hand


You were on level 2 of the Dungeon.
You worshipped Trog.
Trog was pleased with you.
You visited 1 branch of the dungeon, and saw 2 of its levels.

You collected 21 gold pieces.


Innate Abilities, Weirdness & Mutations

You have a pair of horns on your head.
You reflexively headbutt those who attack you in melee.


   Skills:
 - Level 3.6 Fighting
 + Level 5.5 Axes
 - Level 2.4 Armour
 - Level 2.1 Dodging


You had 2 spell levels left.
You didn't know any spells.
Your spell library contained the following spells:

 Spells                   Type           Power      Damage    Failure   Level
 Slow                     Hex            0%         N/A       65%         1
 Confusing Touch          Hex            0%         N/A       95%         3
 Yara's Violent Unravell  Hex/Tmut       0%         3d3       100%        5

Inventory:

Hand Weapons
 a - a +0 hand axe (weapon)
 b - a +0 hunting sling
   (You found it on level 1 of the Dungeon)
Missiles
 f - 49 stones (quivered)
 i - 10 poisoned darts
Armour
 c - a +0 ring mail (worn)
   (You found it on level 1 of the Dungeon)
Jewellery
 C - a ring of protection from cold (left hand)
   (You found it on level 1 of the Dungeon)
Scrolls
 e - a scroll of blinking {unknown}
 g - a scroll of teleportation {unknown}
 h - a scroll of magic mapping {unknown}

Dungeon Overview and Level Annotations

Branches:
Dungeon (2/15)

Altars:

Annotations:
D:2 Robin

##. #.. ... #g# #.#
#.# #)######
######.g..g.# ##
.......)..@..#
#######.
.######.###..#>.
........ #.# #..#.#
######. ..# #..#.#
#...... #..# #..#.#
#.####. ...# #..#.#
#.# #. ##.## #..#.#
##.####. #.
#..#.#####†..##..
####........)...##..


You could see Robin and a goblin (strong).


Message History

Drop what? 10/52 slots (_ for help) (? for menu, Esc to quit)
You drop 13 arrows.
A kobold comes into view. It is wielding a +0 club.
The kobold shouts!
The kobold throws a stone.
The stone closely misses you.
The kobold throws a stone.
The stone hits you but does no damage.
The kobold throws a stone.
The stone completely misses you.
You hit the kobold.
You kill the kobold!
Trog accepts your kill.
f - 49 stones (gained 2)
You see here a +0 club.
An adder comes into view.
The adder hisses angrily.
An adder is nearby!
You see here a +0 club.
The adder bites you but does no damage.
You closely miss the adder. The adder closely misses you.
You furiously retaliate!
You headbutt the adder. You slash the adder!
You kill the adder!
Trog accepts your kill.
You have reached level 3!
Your experience leads to an increase in your attributes!
Increase (S)trength, (I)ntelligence, or (D)exterity?
You feel stronger. x2 😎 HP[+5] MP[+1]
You now have 31 max hp (+5).
Your hp is fully restored (31).
Your mp is fully restored (2).
You see here an adder corpse.
You see here a +0 club.
Found an escape hatch in the floor.
Adjust (i)tems, (s)pells, or (a)bilities?
Okay, then.
A goblin comes into view. It is wielding a +0 club.
The goblin shouts!
You hear a shout!
You hear an angry hiss.
You hear a shout! x4
An adder comes into view.
You slash the goblin!
You kill the goblin!
Trog accepts your kill.
Robin of the Strong Arm comes into view.
They are wielding a +2 vorpal falchion.
Robin shouts!
You hit the adder. Your headbutt misses the adder. The adder bites you.
You are poisoned.
The adder poisons you! Robin throws the goblin at you!
The goblin closely misses you. 😕 HP[-2]
You take 2 damage, and now have 29/31 hp.
You miss the adder. Your headbutt misses the adder. You hit the goblin.
You feel sick. The adder bites you.
You are more poisoned.
The adder poisons you! The adder closely misses you.
The goblin completely misses you.
Robin's bangles clink loudly. 😕 HP[-5]
You take 5 damage, and now have 24/31 hp.
You hit the adder. You slash the goblin!
You kill the goblin!
Trog accepts your kill.
You can now call upon Trog for regeneration and willpower.
You feel sick. The adder closely misses you.
Robin roars a battlecry!
You hear a shout! x3 😮 HP[-2]
You take 2 damage, and now have 22/31 hp.
You miss the adder.
You feel sick.
You hear a shout!
The adder barely misses you.
A goblin comes into view. It is wielding a +1 dagger of venom.
The adder barely misses you. 😮 HP[-1]
You take 1 damage, and now have 21/31 hp.
You closely miss the adder.
You feel sick. The adder barely misses you. 😮 HP[-1]
You take 1 damage, and now have 20/31 hp.
You miss the adder.
You feel sick. The adder bites you. 😮 HP[-3]
You take 3 damage, and now have 17/31 hp.
You hit the adder.
You kill the adder!
Trog accepts your kill.
You feel sick.
A goblin comes into view. It is wielding a +0 dagger. 😮 HP[-1]
You take 1 damage, and now have 16/31 hp.
You feel sick. Robin throws the goblin at you!
The goblin hits you with a +1 dagger of venom.
* * * LOW HITPOINT WARNING * * *
You are lethally poisoned! 😨 HP[-5]
You take 5 damage, and now have 11/31 hp.
* * * LOW HITPOINT WARNING * * *
You feel very sick. 😨 HP[-3]
You take 3 damage, and now have 8/31 hp.
* * * LOW HITPOINT WARNING * * *
You feel sick. Robin throws the goblin at you!
* * * LOW HITPOINT WARNING * * *
The goblin hits you with a +1 dagger of venom.
You die...

Skill      XL: |  1  2 |
---------------+-------+-----
Axes           | 4 5 |  5.5
Fighting       | |  3.6
Armour         | |  2.4
Dodging        | |  2.1

Action                   || total
-------------------------++-------
Melee: Hand axe          ||    53
       Headbutt          ||    10
 Fire: Hunting sling     ||     3
Armor: Ring mail         ||    15
Dodge: Dodged            ||    26

Levels and vault maps discovered:
D:1:      elethiomel_arrival_fortress_basement, layout_basic,
          hellmonk_ecumenical_altar_run_dry
D:2:      layout_loops_ring, serial_shops,
          nicolae_shop_temple_entry_statues_fountains, uniq_sigmund, uniq_robin

Notes
Turn   | Place    | Note
-------+----------+-------------------------------------------
     0 | D:1      | swappor the Minotaur Berserker began the quest for the Orb.
     0 | D:1      | Reached XP level 1. HP: 19/19 MP: 0/0
     0 | D:1      | magus.rc [v1.11.2]
   135 | D:1      | Reached skill level 4 in Axes
   202 | D:1      | Reached XP level 2. HP: 26/26 MP: 1/1
   544 | D:1      | You pick up a book of Misfortune {forbidden} and begin
                  | reading...
   544 | D:1      | You add the spells Slow, Confusing Touch and Yara's Violent
                  | Unravelling to your library.
   566 | D:1      | Reached skill level 5 in Axes
   653 | D:1      | Found a faded altar of an unknown god.
   774 | D:2      | Reached XP level 3. HP: 31/31 MP: 2/2
   798 | D:2      | Noticed Robin
   801 | D:2      | Reached ** piety under Trog
   808 | D:2      | HP: 6/31 [poisoned by a goblin]
   808 | D:2      | Slain by a goblin

Vanquished Creatures
  2 adders (D:2)
  2 dart slugs (D:1)
  4 endoplasms (D:1)
  4 goblins
  2 hobgoblins (D:1)
  6 kobolds
  2 ball pythons (D:1)
  A bat (D:1)
  A frilled lizard (D:1)
  2 rats (D:1)
26 creatures vanquished.

Table legend:
 A = Non-vault XP
 B = Vault XP
 C = Vault XP percentage of total XP
 D = Non-vault monster count
 E = Vault monster count
 F = Vault count percentage of total count
                 A         B        C        D         E       F
            +---------+---------+-------+---------+---------+-------
      Total |      64 |       6 |   8.6 |      23 |       3 |  11.5
            +---------+---------+-------+---------+---------+-------
        D:1 |      37 |       2 |   5.1 |      20 |       1 |   4.8
        D:2 |      27 |       4 |  12.9 |       3 |       2 |  40.0
            +---------+---------+-------+---------+---------+-------

Illustrated notes

Table legend:
 A = Kills in this place as a percentage of kills in entire the game.
 B = Kills by you in this place as a percentage of kills by you in the entire game.
 C = Kills by friends in this place as a percentage of kills by friends in the entire game.
 D = Other kills in this place as a percentage of other kills in the entire game.
 E = Experience gained in this place as a percentage of experience gained in the entire game.
 F = Experience gained in this place divided by the number of levels of this place that you have seen.
                   A       B       C       D       E      F
               +-------+-------+-------+-------+-------+----------------------
         Total | 100.0 | 100.0 |   N/A |   N/A | 100.0 |  35.0
       Dungeon | 100.0 | 100.0 |   N/A |   N/A | 100.0 |  35.0
               +-------+-------+-------+-------+-------+----------------------

Table legend: (Time is in decaauts)
 A = Elapsed time spent in this place.
 B = Non-inter-level travel time spent in this place.
 C = Inter-level travel time spent in this place.
 D = Time resting spent in this place.
 E = Time spent auto-exploring this place.
 F = Levels seen in this place.
 G = Mean time per level.
                   A        B        C        D        E       F      G
               +--------+--------+--------+--------+--------+-----+--------+
         Total |    806 |    775 |     31 |     15 |    385 |   2 |  403.0 |
       Dungeon |    806 |    775 |     31 |     15 |    385 |   2 |  403.0 |
               +--------+--------+--------+--------+--------+-----+--------+

Top non-repeatable levels by time:
     D:1: 708 daAuts
     D:2: 98 daAuts
